 Dungeon Crawl Stone Soup version 0.27-a0-972-gd1521fd518 (webtiles) character file.

Game seed: 6901679867480317767

481 leviel the Fighter (level 6, -13/63 HPs)
             Began as a Minotaur Fighter on Apr 13, 2021.
             Engulfed by a cloud of flame (30 damage)
             ... on level 4 of the Dungeon.
             The game lasted 00:05:06 (4659 turns).

leviel the Fighter (Minotaur Fighter)               Turns: 4659, Time: 00:05:07

Health: -13/63     AC:  8    Str: 22    XL:     6   Next: 87%
Magic:  5/5        EV:  7    Int:  5    God:
Gold:   119        SH:  9    Dex: 10    Spells: 5/5 levels left

rFire    . . .     SeeInvis .   a - +0 war axe
rCold    . . .     Faith    .   c - +0 kite shield
rNeg     . . .     Spirit   .   b - +0 scale mail
rPois    .         Reflect  .   (helmet restricted)
rElec    .         Harm     .   l - +0 cloak
rCorr    .         Rampage  .   (no gloves)
Will     .....                  (no boots)
Stlth    ..........             (no amulet)
HPRegen  0.20/turn              (no ring)
MPRegen  0.09/turn              (no ring)

@: about to teleport, weak-willed
A: horns 2, retaliatory headbutt
a: no special abilities


You were on level 4 of the Dungeon.
You visited 1 branch of the dungeon, and saw 4 of its levels.

You collected 119 gold pieces.

Inventory:

Hand Weapons
 a - a +0 war axe (weapon)
Armour
 b - a +0 scale mail (worn)
 c - a +0 kite shield (worn)
 l - a +0 cloak (worn)
Jewellery
 m - a +6 ring of intelligence
 n - a ring of wizardry
Scrolls
 g - a scroll of teleportation
 i - a scroll of identify {unknown}
 j - 2 scrolls of noise {unknown}
 p - a scroll of blinking {unknown}
Potions
 d - a potion of brilliance {unknown}
 e - 3 potions of curing {unknown}
 k - a potion of lignification {unknown}
 o - a potion of cancellation {unknown}
 q - 2 potions of invisibility {unknown}


   Skills:
 + Level 9.2 Fighting
 - Level 2.8 Axes
 - Level 3.7 Armour
 - Level 3.7 Shields


You had 5 spell levels left.
You didn't know any spells.
Your spell library was empty.

Dungeon Overview and Level Annotations

Branches:
Dungeon (4/15)
 Temple: D:4-7

Altars:
Ashenzari
Dithmenos
Yredelemnul
Zin

Annotations:
D:4 Purgy


Innate Abilities, Weirdness & Mutations

You have a pair of horns on your head.
You reflexively headbutt those who attack you in melee.


Message History

The goblin shouts!
The goblin shoots a stone.
The stone hits you but does no damage.
Found 13 gold pieces.
There is an open door here.
Okay, then.
Things that are here:
a +0 hunting sling; 12 stones; a goblin corpse You see here a +0 club.
The goblin shoots a stone.
The stone hits you but does no damage.
There is an open door here.
You close the door.
Purgy opens the door.
There is a large open door here.
You close the large door.
Purgy opens the large door.
Okay, then.
As you read the scroll labelled TEDAWO PE NEU, it crumbles to dust.
The creatures around you are filled with an inner flame!
It was a scroll of immolation.
The goblin shoots a stone.
You block the stone.
As you read the scroll labelled RUACHE UHURU, it crumbles to dust.
Magic quickly surges around you.
It was a scroll of vulnerability.
Purgy hisses menacingly.
As you read the scroll labelled JAIXAKHLOES, it crumbles to dust.
You feel strangely unstable.
It was a scroll of teleportation.
You block Purgy's attack. x3
You barely miss Purgy. Purgy bites you but does no damage.
Purgy claws you but does no damage. You block Purgy's attack. x2
Purgy completely misses you. Purgy claws you but does no damage.
You closely miss Purgy. Purgy bites you but does no damage.
Purgy claws you but does no damage. x2; The goblin unwields a +0 hunting sling.
You block the goblin's attack. Purgy bites you. You block Purgy's attack.
Purgy closely misses you.
You closely miss Purgy. You slash the goblin!
The goblin explodes!
The fiery explosion engulfs you!!!
Ouch! That really hurt!
* * * LOW HITPOINT WARNING * * *
The fiery explosion engulfs Purgy!!
Flame seeps out of Purgy.
Purgy is severely wounded.
You are engulfed in blazing flames.
You die...

.# #.###.###.# #...#####.# '##
#.........###.#....##.# #
††#######.###.######....##.##.###
...........[.....................
..............)..................
≈.≈.≈≈≈≈≈≈≈≈≈≈)....≈≈.≈≈≈.≈≈.....
≈≈≈≈≈≈≈≈≈≈≈≈≈≈).....≈≈≈≈≈≈≈≈≈≈≈≈≈
≈≈≈≈≈≈≈≈≈≈≈≈≈≈......≈≈≈≈≈≈≈≈≈≈≈≈≈
≈≈≈≈≈≈≈≈≈≈≈≈≈≈..@§§.≈≈≈≈≈≈≈≈≈≈≈≈≈
################T)###############
#.....#)......#.§§§#.....))#.....
......')......#..))#.....).'.....
......#########....#########.....
......)g.[...#......#..........##
......)).....'......'..........#
.............#......#..........##
......#########....#########.....


You could see Purgy (inner flame, weak-willed).

Vanquished Creatures
  A water moccasin zombie (D:4)
  A centaur zombie (D:4)
  A gnoll shaman (D:4)
  Jessica (D:2)
  An iguana (D:2)
  A howler monkey skeleton (D:4)
  7 adders
  10 gnolls (D:4)
  2 worms (D:2)
  4 dart slugs
  3 orcs (D:4)
  7 ball pythons
  7 endoplasms
  3 giant cockroaches
  26 goblins
  21 hobgoblins
  7 jackals
  2 kobolds (D:2)
  2 quokkas
  4 bats
  4 frilled lizards
  6 rats
121 creatures vanquished.

Notes
Turn   | Place    | Note
-------+----------+-------------------------------------------
     0 | D:1      | leviel the Minotaur Fighter began the quest for the Orb.
     0 | D:1      | Reached XP level 1. HP: 19/19 MP: 0/0
    43 | D:1      | Found a faded altar of an unknown god.
   325 | D:1      | Reached skill level 4 in Fighting
   325 | D:1      | Reached XP level 2. HP: 27/27 MP: 1/1
  1239 | D:2      | Noticed Jessica
  1245 | D:2      | Killed Jessica
  1246 | D:2      | Reached skill level 5 in Fighting
  1246 | D:2      | Reached XP level 3. HP: 36/36 MP: 2/2
  1343 | D:2      | Reached XP level 4. HP: 17/42 MP: 3/3
  1704 | D:2      | Reached skill level 6 in Fighting
  2439 | D:3      | Reached XP level 5. HP: 50/51 MP: 4/4
  2486 | D:3      | Found a shadowy altar of Dithmenos.
  2487 | D:3      | Found a broken altar of Ashenzari.
  2708 | D:3      | Found a glowing silver altar of Zin.
  2783 | D:3      | Reached skill level 7 in Fighting
  3591 | D:4      | Found a basalt altar of Yredelemnul.
  3597 | D:4      | Reached skill level 8 in Fighting
  3597 | D:4      | Reached XP level 6. HP: 60/61 MP: 5/5
  4285 | D:4      | Reached skill level 9 in Fighting
  4628 | D:4      | Noticed Purgy
  4659 | D:4      | Engulfed by a cloud of flame

Illustrated notes

Levels and vault maps discovered:
D:1:      dpeg_arrival_court, layout_loops_corners,
          ebering_ecumenical_altar_sacrificial, nrook_mini_vaults, minivault_26,
          kennysheep_decorative_pillar
D:2:      layout_loops_ring, uniq_jessica
D:3:      layout_loops_cross, zin_academy, grunt_temple_overflow_open
D:4:      minmay_goblin_kobold_castle, layout_loops_corners, old_standard_altar,
          portal_sewer_entry_c, uniq_purgy

Skill      XL: |  1  2  3  4  5  6 |
---------------+-------------------+-----
Fighting       | 4 5 6 8 9 |  9.2
Axes           | |  2.8
Armour         | |  3.7
Shields        | |  3.7

Action                   |  1- 3 |  4- 6 || total
-------------------------+-------+-------++-------
Melee: War axe           |    55 |   219 ||   274
       Headbutt          |     9 |    27 ||    36
  Use: Potion            |       |     1 ||     1
       Scroll            |       |     3 ||     3
Armor: Scale mail        |    21 |    99 ||   120
Dodge: Dodged            |    11 |    69 ||    80
Block: Kite shield       |    25 |   154 ||   179

Table legend: (Time is in decaauts)
 A = Elapsed time spent in this place.
 B = Non-inter-level travel time spent in this place.
 C = Inter-level travel time spent in this place.
 D = Time resting spent in this place.
 E = Time spent auto-exploring this place.
 F = Levels seen in this place.
 G = Mean time per level.
                   A        B        C        D        E       F      G
               +--------+--------+--------+--------+--------+-----+--------+
         Total |   4822 |   4724 |     98 |    569 |   3394 |   4 | 1205.5 |
       Dungeon |   4822 |   4724 |     98 |    569 |   3394 |   4 | 1205.5 |
               +--------+--------+--------+--------+--------+-----+--------+

Top non-repeatable levels by time:
     D:4: 1542 daAuts
     D:1: 1229 daAuts
     D:2: 1185 daAuts
     D:3: 865 daAuts
